 Dungeon Crawl Stone Soup version 0.27-a0-1144-g0b7d3b79db (webtiles) character file.

Game seed: 18119573023880685518

55 neco the Firebug (level 3, -1/21 HPs)
             Began as an Octopode Fire Elementalist on May 10, 2021.
             Slain by Sigmund
             ... wielding a +0 scythe
              (5 damage)
             ... on level 3 of the Dungeon.
             The game lasted 00:22:11 (2701 turns).

neco the Firebug (Octopode Fire Elementalist)       Turns: 2701, Time: 00:22:12

Health: -1/21      AC:  1    Str:  8    XL:     3   Next: 93%
Magic:  5/6        EV: 13    Int: 17    God:
Gold:   111        SH:  0    Dex: 12    Spells: 5/6 levels left

rFire    . . .     SeeInvis .   e - +2 dagger (protect)
rCold    . . .     Faith    .   (no shield)
rNeg     . . .     Spirit   .   (helmet restricted)
rPois    .         Reflect  .   (no amulet)
rElec    .         Harm     .   (no ring)
rCorr    .         Rampage  .   (no ring)
Will     .....                  (no ring)
Stlth    +++.......             (no ring)
HPRegen  0.07/turn              (no ring)
MPRegen  0.10/turn              (no ring)
                                (no ring)
                                (no ring)

@: no status effects
A: almost no armour, amphibious, 8 rings, camouflage 1, gelatinous body 1,
(nimble swimmer 1), tentacles
a: no special abilities


You were on level 3 of the Dungeon.
You visited 1 branch of the dungeon, and saw 3 of its levels.

You collected 111 gold pieces.

Inventory:

Hand Weapons
 a - a +0 spear
 b - a +0 dagger
 e - a +2 dagger of protection (weapon)
 f - a +0 club
 j - a +0 spear
 n - a +0 club
 o - a +0 spear
 r - a +0 mace
 w - a +0 whip
 y - a +0 dagger
 z - a +0 scythe
Missiles
 g - 41 arrows
 h - 45 bolts
 k - 49 stones
 t - 13 sling bullets
 u - 6 boomerangs
 x - 17 poisoned darts
Scrolls
 c - 2 scrolls of noise {unknown}
 d - a scroll of identify {unknown}
 p - a scroll of blinking {unknown}
 s - a scroll of enchant armour {unknown}
 v - a scroll of vulnerability {unknown}
Potions
 i - a potion of lignification {unknown}
 m - a potion of flight {unknown}
 q - a potion of attraction {unknown}


   Skills:
 + Level 0.2 Short Blades
 + Level 2.1 Dodging
 + Level 3.7 Stealth
 + Level 2.1 Spellcasting
 + Level 1.1 Conjurations
 + Level 4.0 Fire Magic


You had 5 spell levels left.
You knew the following spells:

 Your Spells              Type           Power      Damage    Failure   Level
a - Foxfire               Conj/Fire      40%        2x1d6     7%          1

Your spell library contained the following spells:

 Spells                   Type           Power      Damage    Failure   Level
 Conjure Flame            Conj/Fire      10%        6-21      21%         3
 Inner Flame              Hex/Fire       8%         N/A       26%         3
 Sticky Flame             Conj/Fire      10%        2d3       54%         4
 Fireball                 Conj/Fire      5%         3d5       88%         5


Dungeon Overview and Level Annotations

Branches:
Dungeon (3/15)

Altars:

Annotations:
D:3 Sigmund


Innate Abilities, Weirdness & Mutations

You cannot wear most types of armour.
You are amphibious.
You can wear up to eight rings at the same time.
Your skin changes colour to match your surroundings (Stealth+).
Your rubbery body absorbs attacks. (AC +1, EV +1)
((You are camouflaged near water. (Stealth+)))
You have tentacles for arms and can constrict up to eight enemies at once.


Message History

You see here a +0 scythe.
z - a +0 scythe
Found 14 gold pieces.
Found 17 gold pieces.
Casting: Foxfire (safe; 7% risk of failure)
Confirm with . or Enter, or press ? or * to list all spells.
You conjure some foxfire!
Your foxfire dissipates!
The foxfire hits the goblin.
The goblin is moderately wounded.
The goblin shouts!
The goblin barely misses you.
You hear a shout!
Casting: Foxfire (safe; 7% risk of failure)
Confirm with . or Enter, or press ? or * to list all spells.
You conjure some foxfire!
The goblin closely misses you.
You hit the goblin.
Your weapon exudes an aura of protection.
You grab the goblin.
The goblin is severely wounded.
You constrict the goblin.
You kill the goblin!
The foxfire hits the bat.
The bat is severely wounded.
The foxfire hits the bat.
You kill the bat!
Sigmund the Dreaded comes into view.
He is wielding a +0 scythe and wearing a +1 robe of the Archmagi.
An adder comes into view.
Sigmund casts a spell at you. The puff of flame hits you.
Sigmund casts a spell at himself.
Sigmund flickers and vanishes!
Deactivating autopickup; reactivate with Ctrl-A.
Something hits you!
Ouch! That really hurt!
* * * LOW HITPOINT WARNING * * *
As you read the scroll labelled KIONNOS XIPT, it crumbles to dust.
You speak a Word of immense power!
It was a scroll of holy word.
Something hits you.
You die...

#.............####
#[.†...^......#
#....###...#...
#....# #.##....
#....# . ..
#....######..
###............
#..............
#...##.@.......
#...##.........
#...##...{.....
#...##.).......
#...##.........
#...##...$.....
#...##........#
#...##S.......#
#...##..$S....


You could see an adder (wandering).

Vanquished Creatures
  A worm (D:2)
  A dart slug (D:2)
  3 endoplasms
  3 giant cockroaches (D:2)
  6 goblins
  5 hobgoblins
  2 jackals (D:1)
  2 quokkas
  7 ball pythons
  7 bats
  4 frilled lizards
  3 kobolds
  2 rats
46 creatures vanquished.

Vanquished Creatures (others)
  19 foxfires
19 creatures vanquished.

Grand Total: 65 creatures vanquished

Notes
Turn   | Place    | Note
-------+----------+-------------------------------------------
     0 | D:1      | neco the Octopode Fire Elementalist began the quest for the
                  | Orb.
     0 | D:1      | Reached XP level 1. HP: 11/11 MP: 3/3
   422 | D:1      | Reached XP level 2. HP: 16/17 MP: 5/5
  1323 | D:2      | Reached XP level 3. HP: 21/21 MP: 4/6
  2347 | D:3      | Reached skill level 4 in Fire Magic
  2693 | D:3      | Noticed Sigmund
  2701 | D:3      | Slain by Sigmund

Illustrated notes

Levels and vault maps discovered:
D:1:      eino_arrival_water_cross, layout_basic, minivault_14
D:2:      layout_loops_ring
D:3:      layout_basic, nzn_wu_jian_contemplation, uniq_sigmund, uniq_robin

Skill      XL: |  1  2  3 |
---------------+----------+-----
Stealth        | 3 |  3.7
Fire Magic     | 4 |  4.0
Short Blades   | |  0.2
Dodging        | |  2.1
Spellcasting   | |  2.1
Conjurations   | |  1.1

Action                   || total
-------------------------++-------
Melee: Spear             ||     4
       Dagger            ||    60
       Constrict         ||    16
       Tentacles         ||     8
 Cast: Foxfire           ||    14
  Use: Scroll            ||     1
 Stab: Sleeping          ||    11
Armor: Skin              ||     6
Dodge: Dodged            ||    44

Table legend: (Time is in decaauts)
 A = Elapsed time spent in this place.
 B = Non-inter-level travel time spent in this place.
 C = Inter-level travel time spent in this place.
 D = Time resting spent in this place.
 E = Time spent auto-exploring this place.
 F = Levels seen in this place.
 G = Mean time per level.
                   A        B        C        D        E       F      G
               +--------+--------+--------+--------+--------+-----+--------+
         Total |   2699 |   2687 |     12 |    250 |      0 |   3 |  899.7 |
       Dungeon |   2699 |   2687 |     12 |    250 |      0 |   3 |  899.7 |
               +--------+--------+--------+--------+--------+-----+--------+

Top non-repeatable levels by time:
     D:1: 1221 daAuts
     D:2: 1098 daAuts
     D:3: 379 daAuts
